 Dungeon Crawl Stone Soup version 0.25-a0-42-g6c54e25894 (webtiles) character file.

Game seed: 13939269329016937892, levelgen mode: deterministic

2677 Alarkh the Carver (level 9, 64/64 HPs)
             Began as a Demonspawn Fighter on Oct 21, 2019.
             Was a Follower of Uskayaw.
             Got out of the dungeon alive.
             The game lasted 00:09:10 (6565 turns).

Alarkh the Carver (Demonspawn Fighter)              Turns: 6565, Time: 00:09:11

Health: 64/64      AC: 10    Str: 16    XL:     9   Next: 37%
Magic:  11/11      EV:  6    Int:  8    God:    Uskayaw [*.....]
Gold:   384        SH:  8    Dex: 13    Spells: 8/8 levels left

rFire    . . .     SeeInvis .   a - +0 long sword
rCold    . . .     Gourm    .   c - +0 shield
rNeg     . . .     Faith    .   b - +1 scale mail
rPois    .         Spirit   +   (no helmet)
rElec    .         Reflect  .   u - scarf {cloud immunity}
rCorr    .         Harm     .   (no gloves)
MR       .....                  y - +1 pair of boots
Stlth    ..........             E - amulet of inaccuracy (curse)
HPRegen  0.20/turn              m - -5 ring of intelligence (curse)
MPRegen  0.12/turn              (no ring)

@: no status effects
A: talons 1, rugged brown scales 1, powered by death 2, magic shield
a: Stomp, Renounce Religion


You escaped.
You worshipped Uskayaw.
Uskayaw was noncommittal.
You were not hungry.

You visited 2 branches of the dungeon, and saw 8 of its levels.

You collected 384 gold pieces.

Inventory:

Hand Weapons
 a - a +0 long sword (weapon)
 e - the +7 hand axe "Newtbane" {flame, Int+3}
   (You found it on level 5 of the Dungeon)

   It has been specially enchanted to burn those struck by it, causing extra
   injury to most foes and up to half again as much damage against particularly
   susceptible opponents.
   Big, fiery blades are also staple armaments of hydra-hunters.
   It affects your intelligence (+3).
Armour
 b - a +1 scale mail (worn)
 c - a +0 shield (worn)
 u - a scarf of cloud immunity (worn)
 y - a +1 pair of boots (worn)
Magical Staves
 p - an uncursed staff of conjuration {unknown}
 x - an uncursed staff of power {unknown}
Jewellery
 j - an uncursed amulet of magic regeneration
 m - a cursed -5 ring of intelligence (left hand)
 B - an uncursed amulet of guardian spirit
 E - a cursed amulet of inaccuracy (around neck)
Wands
 q - a wand of acid (2)
 t - a wand of paralysis (4)
Scrolls
 d - a scroll of magic mapping {unknown}
 g - 2 scrolls of blinking
 h - a scroll of immolation
 i - 2 scrolls of teleportation
 k - 2 scrolls of enchant armour
 l - a scroll of amnesia {unknown}
 n - a scroll of noise {unknown}
 r - 6 scrolls of identify
 s - 2 scrolls of random uselessness {unknown}
 v - 2 scrolls of remove curse {unknown}
 A - 3 scrolls of fog {unknown}
Potions
 o - a potion of magic
 z - a potion of curing {unknown}
 C - 2 potions of lignification {unknown}
Comestibles
 f - 18 rations


   Skills:
 - Level 3.0 Fighting
 * Level 11.1 Long Blades
 - Level 2.6 Armour
 - Level 2.6 Shields
 + Level 3.8 Invocations
 + Level 2.8 Evocations


You had 8 spell levels left.
You didn't know any spells.
Your spell library contained the following spells:

 Spells                   Type           Power        Failure   Level  Hunger
 Animate Skeleton         Necr           N/A          100%        1    ##.....
 Apportation              Tloc           #.....       100%        1    ##.....
 Confusing Touch          Hex            #.....       100%        1    ##.....
 Magic Dart               Conj           #...         100%        1    ##.....
 Summon Small Mammal      Summ           #...         100%        1    ##.....
 Blink                    Tloc           N/A          100%        2    ###....
 Call Imp                 Summ           #.......     100%        2    ###....
 Slow                     Hex            #.......     100%        2    ###....
 Conjure Flame            Conj/Fire      #.......     100%        3    ####...
 Mephitic Cloud           Conj/Pois/Air  #.......     100%        3    ####...


Dungeon Overview and Level Annotations

Branches:
Dungeon (7/15)             Temple (1/1) D:4

Altars:
Cheibriados
Dithmenos
Elyvilon
Fedhas
Gozag
Hepliaklqana
Kikubaaqudgha
Makhleb
Nemelex Xobeh
Okawaru
Ru
Sif Muna
Trog
Uskayaw
Vehumet
Wu Jian
Xom
Yredelemnul
Zin
The Shining One


Innate Abilities, Weirdness & Mutations

You have sharp toenails.
You are partially covered in rugged brown scales. (AC +1, +3% HP)
You regenerate health from kills.
When hurt, damage is shared between your health and your magic reserves.


Message History

There is a stone staircase leading down here.
All of the chunks of flesh in your inventory have rotted away.
There is a stone staircase leading up here.
You climb upwards.
There is a stone staircase leading down here.
There is a stone staircase leading up here.
You climb upwards.
There is a stone staircase leading down here.
There is a stone staircase leading up here.
You climb upwards.
There is a stone staircase leading down here.
There is a stone staircase leading up here.
You climb upwards.
There is a stone staircase leading down here.
There is a stone staircase leading up here.
You climb upwards.
There is a stone staircase leading down here.
There is a staircase leading out of the dungeon here.
Are you sure you want to leave the Dungeon?
This will make you lose the game!
You have escaped!

#.# #... ######.# #..#
#######......# #..#
##.........#### #..#
##...........## #..#
##....#####....#######..#
##....#.....#.........#..#
#....#.......#...####.#..#
#...#....@....#..# #....#
#....#.......#..## #.##.#
##....#.....#...# #.##..
##....#####..#.# #.####
##..........#.# #.#
##....##...#.# #.#
##.......##.# #.#
#..........# #.#
#..#######.# ###.###


There were no monsters in sight!

Vanquished Creatures
  Joseph (D:7)
  A steam dragon (D:5)
  A water moccasin (D:7)
  2 orc warriors
  4 ogres
  4 centaurs
  Blork the orc (D:6)
  A bullfrog (D:7)
  A scorpion (D:5)
  4 hounds
  A jelly (D:6)
  5 orc priests
  A centaur skeleton (D:6)
  Ijyb (D:4)
  10 orc wizards
  2 worker ants
  A hound skeleton (D:6)
  A howler monkey skeleton (D:6)
  6 gnolls
  11 adders
  A shadow imp (D:5)
  4 oozes
  2 adder skeletons (D:4)
  3 worms
  2 leopard geckos
  36 orcs
  3 giant cockroaches
  10 goblins
  10 hobgoblins
  18 jackals
  5 kobolds
  2 quokkas
  2 ball pythons
  8 bats
  4 frilled lizards
  3 jackal skeletons
  13 rats
185 creatures vanquished.

Vanquished Creatures (others)
  A worm (D:4)
1 creature vanquished.

Grand Total: 186 creatures vanquished

Notes
Turn   | Place    | Note
-------+----------+-------------------------------------------
     0 | D:1      | Alarkh the Demonspawn Fighter began the quest for the Orb.
     0 | D:1      | Reached XP level 1. HP: 18/18 MP: 1/1
    32 | D:1      | Reached skill level 2 in Long Blades
   131 | D:1      | Gained mutation: You regenerate a little health from kills.
                  | [demonic ancestry]
   131 | D:1      | Reached XP level 2. HP: 20/24 MP: 2/2
   696 | D:2      | Reached skill level 3 in Long Blades
   835 | D:2      | Reached XP level 3. HP: 29/29 MP: 3/3
  1129 | D:2      | Reached skill level 4 in Long Blades
  1129 | D:2      | Gained mutation: You are partially covered in rugged brown
                  | scales. (AC +1, +3% HP) [demonic ancestry]
  1129 | D:2      | Reached XP level 4. HP: 24/36 MP: 4/4
  1325 | D:2      | Found an opulent altar of Gozag.
  1401 | D:2      | Found a shimmering altar of Xom.
  1404 | D:2      | Found a hazy altar of Hepliaklqana.
  1404 | D:2      | Noticed a hell beast
  1405 | D:2      | Noticed a hell beast
  1405 | D:2      | Noticed a spectral ugly thing
  1872 | D:3      | Gained mutation: When hurt, damage is shared between your
                  | health and your magic reserves. [demonic ancestry]
  1872 | D:3      | Reached XP level 5. HP: 27/42 MP: 5/5
  1944 | D:3      | Reached skill level 5 in Long Blades
  2331 | D:4      | Noticed an ogre
  2382 | D:3      | Reached XP level 6. HP: 24/48 MP: 4/6
  2536 | D:4      | Reached skill level 6 in Long Blades
  2817 | D:4      | Found a staircase to the Ecumenical Temple.
  2882 | Temple   | Entered the Ecumenical Temple
  2939 | Temple   | Became a worshipper of Uskayaw the Reveler
  3072 | D:4      | Reached * piety under Uskayaw
  3178 | D:4      | Noticed Ijyb
  3190 | D:4      | Reached ** piety under Uskayaw
  3197 | D:4      | Killed Ijyb
  3641 | D:5      | Entered Level 5 of the Dungeon
  3648 | D:5      | Reached skill level 7 in Long Blades
  3648 | D:5      | Gained mutation: You regenerate health from kills. [demonic
                  | ancestry]
  3648 | D:5      | Reached XP level 7. HP: 53/53 MP: 7/7
  3745 | D:5      | Found a white marble altar of Elyvilon.
  3902 | D:5      | Reached *** piety under Uskayaw
  3911 | D:5      | Reached **** piety under Uskayaw
  4007 | D:5      | Noticed a steam dragon
  4015 | D:5      | Reached skill level 8 in Long Blades
  4017 | D:5      | Killed a steam dragon
  4031 | D:5      | Gained mutation: You have sharp toenails. [demonic
                  | ancestry]
  4031 | D:5      | Reached XP level 8. HP: 25/59 MP: 2/8
  4120 | D:5      | Found a sparkling altar of Nemelex Xobeh.
  4128 | D:5      | Got a transparent hand axe
  4129 | D:5      | Identified the +7 hand axe "Newtbane" {flame, Int+3} (You
                  | found it on level 5 of the Dungeon)
  4212 | D:5      | Reached skill level 9 in Long Blades
  5020 | D:5      | Found an ornate altar of the Wu Jian Council.
  5020 | D:5      | Found a bloodstained altar of Trog.
  5048 | D:6      | Reached skill level 10 in Long Blades
  5076 | D:6      | Reached ***** piety under Uskayaw
  5153 | D:6      | Found a sacrificial altar of Ru.
  5331 | D:6      | Noticed Blork the orc
  5339 | D:6      | Killed Blork the orc
  5339 | D:6      | Reached skill level 1 in Invocations
  5526 | D:7      | Reached skill level 1 in Evocations
  5633 | D:7      | Reached XP level 9. HP: 21/64 MP: 4/10
  6238 | D:7      | Noticed Joseph
  6258 | D:7      | Killed Joseph
  6258 | D:7      | Reached skill level 11 in Long Blades
  6470 | D:7      | Upgraded the game from 0.25-a0-41-g6cf4ce537d to
                  | 0.25-a0-42-g6c54e25894
  6565 | D:$      | Got out of the dungeon alive.

Levels and vault maps discovered:
D:1:      scummos_arrival_hexagon, layout_loops_ring
D:2:      layout_loops_ring, regret_index_temple_of_mockery,
          grunt_gozag_breadcrumbs
D:3:      layout_loops_ring
D:4:      kennysheep_goblin_castle, layout_rooms, lemuel_temple_firewalk_b
D:5:      layout_basic, nicolae_overflow_hidden_temple, first_ration,
          basic_altar, hangedman_decor_peaks_small
D:6:      layout_basic, nicolae_ru_the_path_less_chosen, moated_statue,
          uniq_blork_the_orc
D:7:      layout_layer_cave, uniq_joseph
Temple:   cyrus_circular_temple

Skill      XL: |  1  2  3  4  5  6  7  8  9 |
---------------+----------------------------+-----
Long Blades    | 2 3 4 5 7 8 10 11 | 11.1
Invocations    | 2 3 |  3.8
Evocations     | 1 2 |  2.8
Fighting       | |  3.0
Armour         | |  2.6
Shields        | |  2.6

Action                   |  1- 3 |  4- 6 |  7- 9 || total
-------------------------+-------+-------+-------++-------
Melee: Long sword        |   132 |   236 |   351 ||   719
       Kick              |       |       |    29 ||    29
       Hand axe          |       |       |    11 ||    11
Evoke: Wand              |       |     6 |    18 ||    24
  Use: Scroll            |       |     3 |     2 ||     5
       Potion            |       |     5 |     1 ||     6
 Stab: Paralysed         |       |       |    10 ||    10
  Eat: Chunk             |     1 |     8 |    10 ||    19
Armor: Scale mail        |    63 |   121 |   152 ||   336
Dodge: Dodged            |    38 |    80 |    82 ||   200
Block: Shield            |    85 |   120 |   140 ||   345
       Rpst.: Long sword |    11 |    23 |    16 ||    50

Table legend:
 A = Non-vault XP
 B = Vault XP
 C = Vault XP percentage of total XP
 D = Non-vault monster count
 E = Vault monster count
 F = Vault count percentage of total count
                 A         B        C        D         E       F
            +---------+---------+-------+---------+---------+-------
      Total |    3128 |     697 |  18.2 |     171 |      14 |   7.6
            +---------+---------+-------+---------+---------+-------
        D:1 |      22 |       0 |   0.0 |      17 |       0 |   0.0
        D:2 |      86 |       0 |   0.0 |      25 |       0 |   0.0
        D:3 |     266 |       0 |   0.0 |      40 |       0 |   0.0
        D:4 |     256 |      99 |  27.9 |      16 |      12 |  42.9
        D:5 |    1037 |       0 |   0.0 |      38 |       0 |   0.0
        D:6 |     693 |      96 |  12.2 |      20 |       1 |   4.8
        D:7 |     768 |     502 |  39.5 |      15 |       1 |   6.2
            +---------+---------+-------+---------+---------+-------
